 Dungeon Crawl Stone Soup version 0.31.0-1-g2c135a008e (webtiles) character file.

Game seed: 12726478307161142420

121 qw the Shooter (level 5, -8/40 HPs)
             Began as a Djinni Hunter on Jan 24, 2024.
             Mangled by Duvessa
             ... wielding a +0 short sword
              (9 damage)
             ... on level 4 of the Dungeon.
             The game lasted 00:00:09 (2807 turns).

qw the Shooter (Djinni Hunter)                      Turns: 2807, Time: 00:00:10

Health: -8/40      AC:  7    Str: 10    XL:     5   Next: 26%
Gold:   271        EV: 11    Int: 10    God:
                   SH:  0    Dex: 19

rFire   + + .        b - +0 orcbow
rCold   x . .        (shield currently unavailable)
rNeg    . . .        d - +0 ring mail
rPois   inf          (no helmet)
rElec   .            (no cloak)
rCorr   .            f - +1 pair of gloves
SInv    .            (boots unavailable)
Will    .....        (no amulet)
Stlth   +            (no ring)
HPRegen 0.26/turn    (no ring)
MPRegen 0.00/turn

%: infuse magic (-9 HP)
@: about to teleport, flying
A: sickness immunity, fire resistance 2, cold vulnerability 1, float, innate
caster, HP casting, extra vitality 1
a: no special abilities


You were on level 4 of the Dungeon.
You visited 1 branch of the dungeon, and saw 4 of its levels.

You collected 271 gold pieces.


Innate Abilities, Weirdness & Mutations

You are immune to sickness and miasma.
You are immune to poison.
Your flesh is very heat resistant. (rF++)
You are vulnerable to cold. (rC-)
You float through the air rather than walking.
You learn spells naturally, not from books.
Your magical power is your life essence.
You have superior vitality. (+4 MHP)


   Skills:
 - Level 3.0 Fighting
 + Level 4.6 Ranged Weapons
 - Level 1.0 Armour
 - Level 2.1 Dodging
 - Level 0.7 Stealth


You knew the following spells:

 Your Spells              Type           Power      Damage    Failure   Level
a - Foxfire               Conj/Fire      0%         2x1d4     67%         1
b - Searing Ray           Conj           0%         2d4       82%         2
Your spell library was empty.

Inventory:

Hand Weapons
 b - a +0 orcbow (weapon)
Armour
 d - a +0 ring mail (worn)
 f - a +1 pair of gloves (worn)
Potions
 a - a potion of haste
 e - 2 potions of curing
 g - a potion of berserk rage {unknown}
 i - a potion of might
 j - a potion of lignification {unknown}
 k - a potion of cancellation
 m - a potion of mutation {unknown}

Dungeon Overview and Level Annotations

Branches:
Dungeon (4/15)
 Temple: D:4-7

Altars:
Uskayaw

Annotations:
D:3 1 runed translucent door, Crazy Yiuf
D:4 Dowan, Duvessa


Message History

The bullfrog falls through a shaft!
The shaft crumbles and collapses.
Dowan completely misses you.
There is a shaft here.
You shoot an arrow. The arrow hits Dowan.
Dowan is almost dead.
Dowan casts a spell at Duvessa.
Duvessa seems to speed up.
Duvessa hits you but does no damage.
2798 ||| RETREEEEATING.
2799 ||| RETREEEEATING.
Duvessa attacks as she pursues you! Duvessa barely misses you.
2800 ||| RETREEEEATING.
Duvessa hits you with a +0 short sword.
You see here a ribbon worm corpse.
2801 ||| RETREEEEATING.
Duvessa attacks as she pursues you! Duvessa hits you with a +0 short sword.
You shoot an arrow. The arrow closely misses Duvessa.
Duvessa hits you with a +0 short sword.
2803 ||| RETREEEEATING.
Duvessa hits you with a +0 short sword.
You shoot an arrow. The arrow hits Duvessa!
Duvessa is almost dead.
Duvessa hits you with a +0 short sword.
Dowan casts a spell.
Dowan blinks!
Duvessa says, "I don't care about looks, I care about technique!"
Duvessa barely misses you.
You shoot an arrow. The arrow hits Duvessa.
Duvessa is almost dead.
Duvessa hits you with a +0 short sword! Duvessa hits you with a +0 short sword.
2806 ||| READING scroll of teleportation.
As you read the scroll of teleportation, it crumbles to dust.
You feel strangely unstable. Duvessa hits you with a +0 short sword.
Dowan casts a spell.
Dowan blinks!
You shoot an arrow. The arrow hits Duvessa.
Duvessa is almost dead.
Duvessa misses you. Duvessa hits you with a +0 short sword.
Duvessa hits you with a +0 short sword!
You die...

########## #.e@.....#
######## ###%######.#
#....... ##.....## #.#
#.#####.
##.ยค....^###.####.#####.
##..^^..^.^#.............
#...^......#####.#.##.##.
#.....^....^..#
#.#.##.##.
#.##......^...#
#.#....... # #....>.)..##
#.#.##....


You could see Duvessa (fast).

Vanquished Creatures
  3 gnolls (D:3)
  2 adders (D:2)
  A dart slug (D:1)
  4 ribbon worms
  8 ball pythons
  3 bats (D:1)
  An endoplasm (D:1)
  2 giant cockroaches
  6 hobgoblins
  3 quokkas
  3 frilled lizards
  8 goblins
  10 kobolds
  9 rats
63 creatures vanquished.

Notes
Turn   | Place    | Note
-------+----------+-------------------------------------------
     0 | D:1      | qw the Djinni Hunter began the quest for the Orb.
     0 | D:1      | Reached XP level 1. HP: 18/18 MP: 0/0
     0 | D:1      | 0 ||| qw: Version: 0.3-a-136-gdd3b4e8
     0 | D:1      | 0 ||| qw: Game counter: 1408
     0 | D:1      | 0 ||| qw: Melee chars always use a shield: true
     0 | D:1      | 0 ||| qw: God list: Okawaru
     0 | D:1      | 0 ||| qw: Allow faded altars: false
     0 | D:1      | 0 ||| qw: Do Orc after clearing Dungeon:15 true
     0 | D:1      | 0 ||| qw: Do second Lair branch before Depths: true
     0 | D:1      | 0 ||| qw: Lair rune preference: random
     0 | D:1      | 0 ||| qw: Goals: Normal
     0 | D:1      | 0 ||| PLANNING D:1-11
    76 | D:1      | Reached XP level 2. HP: 23/23 MP: 0/0
    85 | D:1      | Found a faded altar of an unknown god.
   211 | D:1      | Reached skill level 4 in Ranged Weapons
   211 | D:1      | Reached XP level 3. HP: 28/28 MP: 0/0
   211 | D:1      | Learned a level 1 spell: Foxfire
   522 | D:1      | 522 ||| UPGRADING to +0 ring mail.
   532 | D:1      | 532 ||| DROPPING +0 leather armour.
   533 | D:1      | 533 ||| READING 2 scrolls labelled JIDDE EKEOCWI.
   533 | D:1      | 533 ||| IDENTIFYING emerald potion
   534 | D:1      | 534 ||| READING scroll of identify.
   534 | D:1      | 534 ||| IDENTIFYING puce potion
   535 | D:1      | 535 ||| READING scroll labelled RAUNESHR PEFO.
   539 | D:1      | 539 ||| READING scroll labelled DAIDDU IDUMPIE.
   540 | D:1      | 540 ||| READING scroll labelled PIAQEF RACW.
   540 | D:1      | 540 ||| ENCHANTING +0 shortbow.
   541 | D:1      | 541 ||| DRINKING 2 smoky white potions.
   542 | D:1      | 542 ||| DROPPING scroll of butterflies.
   543 | D:1      | 543 ||| DROPPING potion of invisibility.
   566 | D:2      | 566 ||| SWAPPING to +0 orcbow.
   567 | D:2      | 567 ||| DROPPING +1 shortbow.
   632 | D:2      | Reached skill level 1 in Armour
   750 | D:2      | Reached XP level 4. HP: 32/34 MP: 0/0
   973 | D:2      | Reached skill level 3 in Fighting
  1690 | D:2      | 1690 ||| UPGRADING to +0 pair of gloves.
  1695 | D:2      | 1695 ||| READING scroll of identify.
  1695 | D:2      | 1695 ||| IDENTIFYING silvery potion
  1696 | D:2      | 1696 ||| READING scroll labelled JEAPTI KIDDI.
  1697 | D:2      | 1697 ||| READING scroll labelled PIFICS PUNEZ.
  1697 | D:2      | 1697 ||| ENCHANTING +0 pair of gloves.
  1698 | D:2      | 1698 ||| DRINKING 2 dark potions.
  1854 | D:3      | Found a hide-covered altar of Uskayaw.
  1897 | D:3      | Reached XP level 5. HP: 11/40 MP: 0/0
  1897 | D:3      | Learned a level 2 spell: Searing Ray
  2566 | D:3      | Found a runed translucent door.
  2567 | D:3      | Noticed Crazy Yiuf
  2652 | D:3      | 2652 ||| READING scroll of identify.
  2652 | D:3      | 2652 ||| IDENTIFYING smoky purple potion
  2653 | D:3      | 2653 ||| DROPPING potion of degeneration.
  2787 | D:4      | Noticed Dowan
  2788 | D:4      | Noticed Duvessa
  2789 | D:4      | Noticed a bullfrog
  2790 | D:4      | 2790 ||| RETREEEEATING.
  2795 | D:4      | 2795 ||| RETREEEEATING.
  2796 | D:4      | 2796 ||| RETREEEEATING.
  2798 | D:4      | 2798 ||| RETREEEEATING.
  2799 | D:4      | 2799 ||| RETREEEEATING.
  2800 | D:4      | 2800 ||| RETREEEEATING.
  2801 | D:4      | 2801 ||| RETREEEEATING.
  2803 | D:4      | 2803 ||| RETREEEEATING.
  2805 | D:4      | HP: 6/40 [Duvessa/+0 short sword (6)]
  2806 | D:4      | 2806 ||| READING scroll of teleportation.
  2807 | D:4      | HP: 1/40 [Duvessa/+0 short sword (3)]
  2807 | D:4      | Mangled by Duvessa

Levels and vault maps discovered:
D:1:      matt_arrival_los_fun, layout_rooms, basic_ecumenical_altar
D:2:      layout_basic, corexii_item_surrounded_by_moat
D:3:      layout_basic, nicolae_uskayaw_dance_hall, uniq_crazy_yiuf_cottage
D:4:      layout_loops_ring, kennysheep_little_box,
          mainiacjoe_overflow_divided_tiny,
          minmay_temple_entry_drinking_statues, nicolae_wormholes, uniq_duvessa,
          uniq_edmund

Skill      XL: |  1  2  3  4 |
---------------+-------------+-----
Ranged Weapons | 4 |  4.6
Armour         | 1 |  1.0
Fighting       | 3 |  3.0
Dodging        | |  2.1
Stealth        | |  0.7

Action                     |  1- 3 |  4- 6 || total
---------------------------+-------+-------++-------
   Fire: Shortbow          |    67 |       ||    67
         Orcbow            |    10 |   109 ||   119
    Use: Scroll            |     5 |     5 ||    10
         Potion            |     1 |     1 ||     2
 Armour: Leather armour    |     3 |       ||     3
         Ring mail         |     2 |    39 ||    41
  Dodge: Dodged            |    11 |    46 ||    57

Table legend:
 A = Non-vault XP
 B = Vault XP
 C = Vault XP percentage of total XP
 D = Non-vault monster count
 E = Vault monster count
 F = Vault count percentage of total count
                 A         B        C        D         E       F
            +---------+---------+-------+---------+---------+-------
      Total |     160 |      14 |   8.0 |      60 |       3 |   4.8
            +---------+---------+-------+---------+---------+-------
        D:1 |      47 |       0 |   0.0 |      29 |       0 |   0.0
        D:2 |      52 |       0 |   0.0 |      17 |       0 |   0.0
        D:3 |      59 |       0 |   0.0 |      13 |       0 |   0.0
        D:4 |       2 |      14 |  87.5 |       1 |       3 |  75.0
            +---------+---------+-------+---------+---------+-------
